 Dungeon Crawl Stone Soup version 0.28-a0-863-g8cecda6153 (webtiles) character file.

Game seed: 1158762974273929420

202 gigimoi the Sneak (level 5, 0/24 HPs)
             Began as a Spriggan Venom Mage on Nov 17, 2021.
             Killed by divine providence
             ... invoked by an orc priest
              (12 damage)
             ... on level 5 of the Dungeon.
             The game lasted 00:19:02 (8027 turns).

gigimoi the Sneak (Spriggan Venom Mage)             Turns: 8027, Time: 00:19:03

Health: 0/24       AC:  2    Str:  4    XL:     5   Next: 50%
Magic:  1/11       EV: 19    Int: 17    God:
Gold:   140        SH:  0    Dex: 16    Spells: 2/10 levels left

rFire   . . .      SeeInvis +   c - +0 mace
rCold   . . .      Faith    .   (shield restricted)
rNeg    . . .      Spirit   .   a - +0 robe
rPois   .          Reflect  .   (helmet restricted)
rElec   .          Harm     .   (no cloak)
rCorr   .          Rampage  .   (gloves unavailable)
Will    .....                   (boots unavailable)
Stlth   +++.......              (no amulet)
HPRegen 0.08/turn               (no ring)
MPRegen 0.12/turn               (no ring)

@: very quick
A: very small, no large weapons, unfitting armour, see invisible, speed 3
a: no special abilities


You were on level 5 of the Dungeon.
You visited 1 branch of the dungeon, and saw 5 of its levels.

You collected 140 gold pieces.

Inventory:

Hand Weapons
 c - a +0 mace (weapon)
Missiles
 b - 5 boomerangs of dispersal
Armour
 a - a +0 robe (worn)
Scrolls
 e - 4 scrolls of amnesia {unknown}
 g - a scroll of noise {unknown}
 h - a scroll of fog {unknown}
 j - a scroll of teleportation {unknown}
 l - a scroll of identify {unknown}
 m - a scroll of enchant weapon {unknown}
 n - a scroll of holy word {unknown}
Potions
 d - a potion of brilliance {unknown}
 f - a potion of curing {unknown}
 i - 3 potions of flight {unknown}
 k - a potion of lignification {unknown}


   Skills:
 * Level 4.5 Dodging
 + Level 4.7 Stealth
 + Level 3.4 Spellcasting
 - Level 0.3 Conjurations
 * Level 1.4 Translocations
 + Level 3.3 Transmutations
 + Level 0.8 Air Magic
 + Level 3.4 Poison Magic


You had 2 spell levels left.
You knew the following spells:

 Your Spells              Type           Power      Damage    Failure   Level
a - Sting                 Tmut/Pois      56%        1d5       4%          1
b - Poisonous Vapours     Pois/Air       20%        N/A       11%         2
c - Mephitic Cloud        Conj/Pois/Air  8%         N/A       26%         3
d - Blink                 Tloc           14%        N/A       14%         2

Your spell library contained the following spells:

 Spells                   Type           Power      Damage    Failure   Level
 Olgreb's Toxic Radiance  Pois           14%        N/A       38%         4
 Manifold Assault         Tloc           7%         N/A       95%         5
 Dispersal                Tloc           3%         N/A       100%        6
 Storm Form               Tmut/Air       5%         N/A       100%        7
 Disjunction              Tloc           3%         N/A       100%        8


Dungeon Overview and Level Annotations

Branches:
Dungeon (5/15)
 Temple: D:4-7

Altars:
Hepliaklqana

Annotations:
D:5 1 runed translucent door, ThanksArdit's ghost, amateur MiGl


Innate Abilities, Weirdness & Mutations

You are very small and have problems with some larger weapons.
You are too small for most types of armour.
You have supernaturally acute eyesight. (SInv)
You cover ground extremely quickly. (Speed+++)


Message History

Casting: Poisonous Vapours (safe; 11% risk of failure)
Confirm with . or Enter, or press ? or * to list all spells.
Aiming: Sting (safe; 4% risk of failure)
Press: ? - help, Shift-Dir - straight line, f/p - orc priest
Aim: an orc priest, wielding a +0 flail (lightly wounded, poisoned, 71% to hit)
The sting hits the orc priest.
The orc priest looks even sicker.
The orc priest is lightly wounded.
Casting: Sting (safe; 4% risk of failure)
Confirm with . or Enter, or press ? or * to list all spells.
Aiming: Sting (safe; 4% risk of failure)
Press: ? - help, Shift-Dir - straight line, f/p - orc priest
Aim: an orc priest, wielding a +0 flail (lightly wounded, very poisoned, 71% to hit)
The sting misses the orc priest.
You hit the orc priest.
The orc priest is moderately wounded.
The orc priest hits you with a +0 flail.
The orc priest closely misses you.
You hit the orc priest.
The orc priest is severely wounded.
The orc priest mumbles some strange prayers to Beogh against you.
Beogh smites you! The orc priest misses you.
You hear a shout!
You closely miss the orc priest.
The orc priest is severely wounded.
You kill the orc priest!
The orc priest misses you. The orc priest closely misses you.
You hit the orc priest.
The orc priest is almost dead.
The orc priest hits you with a +0 flail.
You hit the orc priest but do no damage.
The orc priest is almost dead.
The orc priest completely misses you.
The orc priest calls upon Beogh to heal the orc priest.
The orc priest is healed somewhat.
You closely miss the orc priest.
The orc priest is heavily wounded.
The orc priest mumbles some strange prayers to Beogh against you.
Beogh smites you!
Ouch! That really hurt!
You die...

⌠##...# .# ..##...
###.# ?..##..
###....# ♣..W+..
###..#.#.# !..##..
.(......##
..##...####..#.#.#.#
⌠##......<#.#......#
##.........)oo#.#..##
....##.####.##@.....#
... #.o.....##...#.#
. #...............#
#.o##..##..##...# .o#
##. ..## #..#


co. ##..## .## #.. # #. You could see 2 orc priests.

Vanquished Creatures
  An orc priest (D:5)
  Ijyb (D:4)
  A hound skeleton (D:4)
  5 adders
  2 worms
  2 dart slugs
  A bat (D:2)
  11 endoplasms
  4 giant cockroaches
  5 goblins
  6 hobgoblins
  7 jackals
  7 kobolds
  3 quokkas
  9 ball pythons
  2 frilled lizards (D:1)
  9 rats
76 creatures vanquished.

Notes
Turn   | Place    | Note
-------+----------+-------------------------------------------
     0 | D:1      | gigimoi the Spriggan Venom Mage began the quest for the
                  | Orb.
     0 | D:1      | Reached XP level 1. HP: 9/9 MP: 5/5
   557 | D:1      | Reached XP level 2. HP: 13/13 MP: 3/6
   788 | D:1      | Learned a level 2 spell: Poisonous Vapours
   831 | D:1      | Found a faded altar of an unknown god.
  1950 | D:1      | Reached XP level 3. HP: 16/16 MP: 6/8
  2106 | D:1      | Learned a level 3 spell: Mephitic Cloud
  4856 | D:2      | Reached XP level 4. HP: 21/21 MP: 4/9
  5376 | D:3      | Found a hazy altar of Hepliaklqana.
  7114 | D:3      | Learned a level 2 spell: Blink
  7150 | D:4      | Reached XP level 5. HP: 24/24 MP: 6/10
  7572 | D:4      | Noticed Ijyb
  7579 | D:5      | Entered Level 5 of the Dungeon
  7600 | D:5      | Noticed an ogre
  7610 | D:5      | Noticed a black bear
  7818 | D:4      | Killed Ijyb
  7819 | D:4      | Reached skill level 1 in Translocations
  8003 | D:5      | Found a runed translucent door.
  8003 | D:5      | Noticed ThanksArdit's ghost (amateur MiGl)
  8006 | D:5      | Noticed a centaur
  8027 | D:5      | Killed from afar by an orc priest

Illustrated notes

Levels and vault maps discovered:
D:1:      minmay_arrival_floating_metal, layout_basic,
          hellmonk_ecumenical_altar_blasted, minmay_tromino_i2
D:2:      layout_rooms, serial_bayou_pond_e
D:3:      layout_basic, general_overflow_altar, nicolae_wormholes
D:4:      layout_cave_pools, uniq_ijyb
D:5:      layout_basic, portal_sewer_entry_e, hellmonk_ghost_happy_afterlife,
          hex_tiny, palyth_stone_intersect

Skill      XL: |  1  2  3  4  5 |
---------------+----------------+-----
Dodging        | 3 4 |  4.5
Transmutations | 2 3 |  3.3
Spellcasting   | 3 |  3.4
Stealth        | 4 |  4.7
Translocations | 1 |  1.4
Conjurations   | |  0.3
Air Magic      | |  0.8
Poison Magic   | |  3.4

Action                   |  1- 3 |  4- 6 || total
-------------------------+-------+-------++-------
Melee: Mace              |    29 |    27 ||    56
 Cast: Sting             |    71 |    53 ||   124
       Poisonous Vapours |    47 |    40 ||    87
Armor: Robe              |     2 |     2 ||     4
Dodge: Dodged            |    40 |    40 ||    80

Table legend: (Time is in decaauts)
 A = Elapsed time spent in this place.
 B = Non-inter-level travel time spent in this place.
 C = Inter-level travel time spent in this place.
 D = Time resting spent in this place.
 E = Time spent auto-exploring this place.
 F = Levels seen in this place.
 G = Mean time per level.
                   A        B        C        D        E       F      G
               +--------+--------+--------+--------+--------+-----+--------+
         Total |   6963 |   6713 |    250 |   4720 |   1345 |   5 | 1392.6 |
       Dungeon |   6963 |   6713 |    250 |   4720 |   1345 |   5 | 1392.6 |
               +--------+--------+--------+--------+--------+-----+--------+

Top non-repeatable levels by time:
     D:1: 3282 daAuts
     D:3: 1549 daAuts
     D:2: 1317 daAuts
     D:4: 760 daAuts
     D:5: 53 daAuts
